AoeStats
← darador86

Black Forest

510910813Analyzed
4v4 RM · 23h ago on Oct 3, 2026· 52m 56s· 8 players
Game mode
Random Map
Map size
Large (8 player)
Population
200
Speed
Normal
Resources
Standard
Victory
Conquest
Starting age
Dark Age
Ending age
Imperial Age
RankedLock teamsTeams togetherTeam positionsShared explorationLock speedFull tech treeHidden civsTurbo modeCheats
Victory
Defeat
🇺🇸 Danes · United States
734
+15
🇲🇽 Britons · Mexico
728
+15
🇪🇨 Persians · Ecuador
689
+16
🇨🇱 Britons · Chile
684
+16
🇧🇷 Magyars · Brazil
736
-17
🇦🇷 Huns · Argentina
706
-16
🇦🇺 Turks · Australia
696
-15
🇹🇷 Huns · Türkiye
669
-14
La Morte Noire
11:01 Feudal Age
14:38 Castle Age
13:10 Double-Bit Axe
13:41 Horse Collar
16:17 Wheelbarrow
16:29 Bow Saw
18:59 Heavy Plow
24:20 Gold Mining
24:21 Stone Mining
25:36 Gold Shaft Mining
30:29 Imperial Age
27:56 Fletching
28:07 Padded Archer Armor
29:40 Hand Cart
29:11 Loom
29:27 Bodkin Arrow
29:47 Leather Archer Armor
29:57 Ballistics
31:15 Bracer
31:46 Ring Archer Armor
31:44 Yeomen
32:31 Chemistry
33:26 Two-Man Saw
32:51 Conscription
33:16 Elite Longbowman
34:12 Forging
34:32 Scale Mail Armor
33:56 Pikeman
34:42 Squires
34:31 Arson
34:30 Halberdier
35:49 Iron Casting
35:56 Chain Mail Armor
37:48 Blast Furnace
37:43 Warwolf
37:51 Siege Engineers
38:20 Plate Mail Armor
38:31 Sappers
42:27 Hoardings
41:50 Murder Holes
41:37 Treadmill Crane
42:08 Masonry
42:52 Town Watch
50:05 Spies/Treason
projectswj
5:36 Loom
11:09 Feudal Age
11:56 Double-Bit Axe
15:06 Man-at-Arms
19:42 Wheelbarrow
18:51 Horse Collar
20:32 Arson
21:13 Gold Mining
27:09 Castle Age
25:12 Fletching
25:34 Forging
25:26 Scale Mail Armor
25:29 Padded Archer Armor
27:58 Long Swordsman
28:27 Gambesons
29:20 Iron Casting
29:01 Chain Mail Armor
29:07 Bow Saw
29:16 Heavy Plow
29:44 Bodkin Arrow
32:17 Caravan
32:57 Thumb Ring
33:16 Leather Archer Armor
33:38 Hand Cart
33:20 Stone Mining
35:00 Crossbowman
36:53 Squires
39:44 Scale Barding Armor
40:04 Ballistics
39:35 Guard Tower
39:36 Heated Shot
39:42 Murder Holes
44:14 Imperial Age
46:23 Chemistry
45:59 Keep
50:21 Blast Furnace
49:52 Plate Mail Armor
49:22 Bracer
49:53 Ring Archer Armor
48:48 Elite Varangian Guard
48:56 Northmen's Fury
51:34 Conscription
52:44 Capped Ram
Reisu
10:13 Feudal Age
16:00 Castle Age
13:55 Double-Bit Axe
13:51 Horse Collar
19:42 Bow Saw
21:55 Loom
24:19 Heavy Plow
26:22 Wheelbarrow
30:46 Imperial Age
28:36 Hand Cart
30:31 Stone Mining
30:31 Gold Mining
31:33 Conscription
34:33 Stone Shaft Mining
34:34 Gold Shaft Mining
37:57 Husbandry
37:20 Cavalier
38:21 Forging
38:17 Scale Barding Armor
38:53 Bloodlines
38:05 Cavalier
41:14 Two-Man Saw
39:52 Savar
41:12 Iron Casting
40:57 Chain Barding Armor
41:32 Crop Rotation
42:10 Caravan
43:22 Plate Barding Armor
43:47 Blast Furnace
44:06 Blast Furnace
44:19 Chemistry
48:15 Elite War Elephant
Javi Radical692
0:38 Loom
13:58 Feudal Age
14:34 Horse Collar
14:43 Double-Bit Axe
23:11 Castle Age
22:17 Stone Mining
24:43 Bow Saw
24:39 Heavy Plow
25:54 Town Watch
27:25 Wheelbarrow
28:47 Gold Mining
29:26 Treadmill Crane
32:39 Yeomen
33:23 Padded Archer Armor
33:14 Fletching
36:17 Imperial Age
33:54 Murder Holes
35:44 Gold Shaft Mining
35:42 Ballistics
35:24 Pikeman
36:05 Squires
35:52 Arson
36:41 Fortified Wall
36:51 Hand Cart
38:50 Chemistry
39:37 Two-Man Saw
39:22 Leather Archer Armor
40:22 Siege Engineers
40:27 Caravan
40:27 Bodkin Arrow
41:03 Ring Archer Armor
41:35 Halberdier
42:01 Elite Longbowman
44:29 Scale Mail Armor
44:40 Forging
46:58 Town Patrol
48:29 Conscription
53:29 Bracer
54:05 Iron Casting
flaefla
13:14 Feudal Age
23:41 Man-at-Arms
30:08 Castle Age
29:01 Double-Bit Axe
39:03 Corvinian Army
44:28 Scale Barding Armor
darador86
14:28 Feudal Age
15:49 Horse Collar
15:58 Double-Bit Axe
20:34 Castle Age
19:34 Forging
19:26 Padded Archer Armor
19:20 Fletching
20:14 Arson
19:53 Man-at-Arms
21:01 Bloodlines
21:01 Scale Mail Armor
21:54 Heavy Plow
22:32 Bow Saw
22:15 Town Watch
22:37 Stone Mining
22:38 Gold Mining
22:38 Stone Mining
22:38 Gold Mining
23:45 Gold Mining
24:39 Wheelbarrow
25:40 Town Patrol
26:13 Caravan
28:48 Hand Cart
29:40 Gold Shaft Mining
29:43 Squires
29:03 Pikeman
30:06 Chain Mail Armor
29:57 Scale Barding Armor
29:55 Husbandry
30:04 Thumb Ring
30:10 Murder Holes
31:57 Chain Barding Armor
31:54 Leather Archer Armor
33:36 Ballistics
33:26 Masonry
32:42 Elite Skirmisher
32:43 Crossbowman
32:45 Light Cavalry
36:45 Imperial Age
35:27 Marauders
38:33 Chemistry
37:54 Elite Tarkan
38:56 Conscription
38:59 Atheism
40:06 Two-Man Saw
40:38 Guilds
45:21 Parthian Tactics
44:17 Heavy Cavalry Archer
konniejj
5:51 Loom
15:16 Feudal Age
15:47 Double-Bit Axe
15:49 Horse Collar
16:05 Man-at-Arms
23:45 Castle Age
21:33 Town Watch
22:24 Wheelbarrow
22:41 Gold Mining
22:43 Stone Mining
28:16 Hand Cart
28:01 Town Patrol
32:06 Gold Shaft Mining
32:04 Bow Saw
33:16 Heavy Plow
34:06 Long Swordsman
44:10 Imperial Age
44:31 Bloodlines
44:22 Husbandry
44:36 Elite Janissary
LerevedunEnfant
16:58 Feudal Age
18:19 Wheelbarrow
17:25 Horse Collar
17:32 Double-Bit Axe
23:07 Castle Age
22:45 Scale Barding Armor
24:11 Hand Cart
24:03 Heavy Plow
24:18 Bow Saw
27:00 Gold Mining
27:01 Stone Mining
32:15 Gold Shaft Mining
36:14 Imperial Age
38:13 Two-Man Saw
37:37 Husbandry
37:02 Cavalier
38:07 Chain Barding Armor
37:52 Town Watch
38:00 Loom
38:19 Paladin
Connection lost

Rejoining the realm…

Still unreachable

The connection could not be restored.

Session expired

The server has moved on; the page needs a fresh start.